 Dungeon Crawl Stone Soup version 0.24-a0-165-g1b465fe (webtiles) character file.

Game seed: 13060795192307901356

59 Gunnerkreig the Magician (level 3, -6/26 HPs)
             Began as a Draconian Wizard on Mar 6, 2019.
             Mangled by a river rat (9 damage)
             ... on level 3 of the Dungeon.
             The game lasted 00:08:04 (2429 turns).

Gunnerkreig the Magician (Draconian Wizard)         Turns: 2429, Time: 00:08:05

Health: -6/26      AC:  6    Str:  9    XL:     3   Next: 78%
Magic:  0/8        EV: 12    Int: 19    God:
Gold:   49         SH:  0    Dex:  9    Spells: 8/9 levels left

rFire    . . .     SeeInvis .   m - +0 short sword
rCold    . . .     Gourm    .   (no shield)
rNeg     . . .     Faith    .   (armour unavailable)
rPois    .         Spirit   .   a - +0 hat
rElec    .         Reflect  .   (no cloak)
rCorr    .         Harm     .   f - +0 pair of gloves
MR       .....                  (no boots)
Stlth    ++........             (no amulet)
HPRegen  0.08/turn              (no ring)
MPRegen  0.11/turn              (no ring)

@: no status effects
A: unfitting armour, cold-blooded, AC +5
a: no special abilities


You were on level 3 of the Dungeon.
You were not hungry.

You visited 1 branch of the dungeon, and saw 3 of its levels.

You collected 49 gold pieces.

Inventory:

Hand Weapons
 m - a +0 short sword (weapon)
Missiles
 h - 33 stones (quivered)
Armour
 a - a +0 hat (worn)
 f - a +0 pair of gloves (worn)
Scrolls
 b - a scroll of blinking
 e - a scroll of identify
 i - a scroll of teleportation
Potions
 d - a potion of lignification
 j - a potion of agility {unknown}
 k - a potion of heal wounds {unknown}
Comestibles
 c - a ration


   Skills:
 - Level 1.7 Dodging
 - Level 1.7 Stealth
 + Level 3.5 Spellcasting
 * Level 3.1 Conjurations
   Level 1.0 Summonings
   Level 1.0 Translocations


You had 8 spell levels left.
You knew the following spells:

 Your Spells              Type           Power        Failure   Level  Hunger
a - Magic Dart            Conj           ###.         4%          1    None

Your spell library contained the following spells:

 Spells                   Type           Power        Failure   Level  Hunger
 Blink                    Tloc           N/A          14%         2    ##.....
 Call Imp                 Summ           #.......     14%         2    ##.....
 Slow                     Hex            #.......     22%         2    ##.....
 Conjure Flame            Conj/Fire      #.......     22%         3    ###....
 Mephitic Cloud           Conj/Pois/Air  #.......     28%         3    ###....


Dungeon Overview and Level Annotations

Branches:
Dungeon (3/15)

Altars:
Dithmenos
Gozag
Xom
Zin


Innate Abilities, Weirdness & Mutations

Your plain brown scales are hard. (AC +5)
You cannot fit into any form of body armour.
You are cold-blooded and may be slowed by cold attacks.


Message History

The river rat is severely wounded.
The river rat bites you.
* * * LOW HITPOINT WARNING * * *
Casting: Magic Dart (safe; 4% risk of failure)
Confirm with . or Enter, or press ? or * to list all spells.
Aiming: Magic Dart (safe; 4% risk of failure)
Press: ? - help, Shift-Dir - straight line, f/p - river rat
Aim: a river rat (severely wounded)
The magic dart hits the river rat but does no damage.
The river rat is severely wounded.
The river rat bites you.
* * * LOW HITPOINT WARNING * * *
You barely miss the river rat.
The river rat is severely wounded.
The river rat bites you.
* * * LOW HITPOINT WARNING * * *
You closely miss the river rat.
The river rat is severely wounded.
The river rat bites you!
You die...

.. ≈≈# #. ≈≈#
####. ≈≈# ##
.....####'##..#
#>..........#
#.#...#...#...
#.......###
####r###...#
#..@.# #..#
#.#### .... #.#
..... #.# .....
#.##########..
#..<........
############


You could see a river rat.

Vanquished Creatures
  An adder (D:2)
  A river rat (D:3)
  2 worms (D:2)
  A leopard gecko (D:2)
  5 giant cockroaches
  3 hobgoblins
  6 kobolds
  A quokka (D:2)
  2 ball pythons (D:3)
  4 bats (D:2)
  2 frilled lizards
  10 rats
38 creatures vanquished.

Notes
Turn   | Place    | Note
-------+----------+-------------------------------------------
     0 | D:1      | Gunnerkreig the Draconian Wizard began the quest for the
                  | Orb.
     0 | D:1      | Reached XP level 1. HP: 14/14 MP: 4/4
   680 | D:1      | Reached XP level 2. HP: 20/20 MP: 3/6
  1199 | D:2      | Found a shadowy altar of Dithmenos.
  1979 | D:2      | Reached XP level 3. HP: 18/26 MP: 1/7
  2179 | D:2      | Found a shimmering altar of Xom.
  2220 | D:2      | Found an opulent altar of Gozag.
  2220 | D:2      | Found a glowing silver altar of Zin.
  2429 | D:3      | Mangled by a river rat

Levels and vault maps discovered:
D:1:      dpeg_arrival_rooms_a, layout_basic
D:2:      layout_basic, grunt_temple_overflow_gold_and_silver,
          old_standard_altar, nicolae_dithmenos_shadow_blocks
D:3:      layout_loops_ring, gammafunk_temple_of_torment, portal_sewer_entry_c,
          first_ration, uniq_terence

Skill      XL: |  1  2  3 |
---------------+----------+-----
Conjurations   | 2 3 |  3.1
Dodging        | |  1.7
Stealth        | |  1.7
Spellcasting   | |  3.5
Summonings     | |  1.0
Translocations | |  1.0

Action                   || total
-------------------------++-------
Melee: Unarmed           ||    38
       Tailslap          ||     4
       Short sword       ||    56
 Cast: Magic Dart        ||   104
  Use: Scroll            ||     6
  Eat: Ration            ||     1
       Chunk             ||     1
Armor: Skin              ||    32
Dodge: Dodged            ||    84

Table legend:
 A = Non-vault XP
 B = Vault XP
 C = Vault XP percentage of total XP
 D = Non-vault monster count
 E = Vault monster count
 F = Vault count percentage of total count
                 A         B        C        D         E       F
            +---------+---------+-------+---------+---------+-------
      Total |      64 |      21 |  24.7 |      32 |       6 |  15.8
            +---------+---------+-------+---------+---------+-------
        D:1 |      14 |       0 |   0.0 |      10 |       0 |   0.0
        D:2 |      49 |       0 |   0.0 |      21 |       0 |   0.0
        D:3 |       1 |      21 |  95.5 |       1 |       6 |  85.7
            +---------+---------+-------+---------+---------+-------
